 Dungeon Crawl Stone Soup version 0.20-a0-1122-gb7cbeb9 (webtiles) character file.

217 MenacingMecha the Ruffian (level 5, -3/40 HPs)
             Began as a Draconian Transmuter on May 11, 2017.
             Was an Initiate of Okawaru.
             Splashed by a jelly's acid (7 damage)
             ... on level 4 of the Dungeon.
             The game lasted 00:09:53 (4249 turns).

MenacingMecha the Ruffian (Draconian Transmuter)    Turns: 4249, Time: 00:09:54

Health: -3/40      AC: -2    Str: 13    XL:     5   Next: 62%
Magic:  6/8        EV: 12    Int: 13    God:    Okawaru [......]
Gold:   106        SH:  0    Dex: 12    Spells: 2/8 levels left

rFire    . . .     SeeInvis .     - Unarmed
rCold    . . .     Gourm    .   (no shield)
rNeg     + . .     Faith    .   (armour unavailable)
rPois    .         Spirit   .   (helmet restricted)
rElec    .         Reflect  .   (no cloak)
rCorr    .         Harm     .   n - +0 pair of gloves
MR       .....                  (no boots)
Stlth    +.........             (no amulet)
Regen    0.2/turn               d - ring of positive energy {rN+}
MPRegen  0.2/turn               (no ring)

@: appendage, corroded, very slightly contaminated
A: unfitting armour, horns 2, cold-blooded, AC +5
a: End Transformation, Renounce Religion


You were on level 4 of the Dungeon.
You worshipped Okawaru.
Okawaru was noncommittal.
You were very hungry.
You had grown temporary horns.
You visited 1 branch of the dungeon, and saw 4 of its levels.

You collected 106 gold pieces.

Inventory:

Hand Weapons
 t - a +0 dagger of venom
   (You took it off a kobold on level 2 of the Dungeon)
 x - a -1 blowgun
   (You took it off a kobold on level 3 of the Dungeon)
Missiles
 a - 81 arrows
 s - 3 javelins (quivered)
 u - 7 curare-tipped needles
 y - 9 poisoned needles
Armour
 n - a +0 pair of gloves (worn)
   (You found it on level 1 of the Dungeon)
Jewellery
 d - a ring of positive energy (left hand) {rN+}
   (You found it on level 2 of the Dungeon)
Scrolls
 f - a scroll of remove curse
 h - 2 scrolls of teleportation {unknown}
 i - 3 scrolls of blinking
 j - a scroll of fog {unknown}
 l - a scroll of noise {unknown}
 p - a scroll of random uselessness {unknown}
 q - 4 scrolls of identify {unknown}
 r - a scroll of enchant armour {unknown}
 v - a scroll of amnesia {unknown}
Potions
 e - a potion of might {unknown}
 g - a potion of brilliance {unknown}
 o - a potion of resistance {unknown}
Books
 b - a book of Changes
Comestibles
 c - 3 bread rations
 k - 3 royal jellies
 m - 6 fruits


   Skills:
 - Level 1.1 Fighting
 - Level 1.7 Dodging
 + Level 4.7 Unarmed Combat
 - Level 2.0 Spellcasting
 + Level 3.9 Transmutations
 - Level 2.2 Poison Magic


You had 2 spell levels left.
You knew the following spells:

 Your Spells              Type           Power        Failure   Level  Hunger
a - Beastly Appendage     Tmut           ##....       4%          1    ##.....
c - Spider Form           Tmut/Pois      #.........   22%         3    ####...
s - Sticks to Snakes      Tmut           ##......     8%          2    ###....


Dungeon Overview and Level Annotations

Branches:
Dungeon (4/15)
 Temple: D:4-7

Altars:
Dithmenos
Hepliaklqana
Okawaru
The Shining One


Innate Abilities, Weirdness & Mutations

Your plain brown scales are hard. (AC +5)
You cannot fit into any form of body armour.
You are cold-blooded and may be slowed by cold attacks.
You have a pair of horns on your head.


Message History

The leopard gecko is almost dead.
The leopard gecko completely misses you.
The leopard gecko barely misses you.
You punch the leopard gecko!
You kill the leopard gecko!
Okawaru accepts your kill.
Okay, then.
A hound skeleton comes into view.
Found a stone staircase leading down.
A hound skeleton is nearby!
The hound skeleton misses you.
You barely miss the hound skeleton.
You tail-slap the hound skeleton, but do no damage.
The hound skeleton closely misses you.
You hit the hound skeleton.
The hound skeleton is lightly damaged.
The hound skeleton bites you.
You hit the hound skeleton. You tail-slap the hound skeleton.
The hound skeleton is moderately damaged.
The hound skeleton closely misses you.
You hit the hound skeleton.
Your tail-slap misses the hound skeleton.
The hound skeleton is heavily damaged.
The hound skeleton barely misses you.
You barely miss the hound skeleton.
The hound skeleton is heavily damaged.
The hound skeleton bites you. x2
You hit the hound skeleton.
The hound skeleton is almost destroyed.
The hound skeleton bites you.
You barely miss the hound skeleton.
The hound skeleton is almost destroyed.
The hound skeleton bites you but does no damage.
You hit the hound skeleton.
The hound skeleton is almost destroyed.
The hound skeleton barely misses you.
You punch the hound skeleton!
You destroy the hound skeleton!
Okawaru accepts your kill.
You open the door.
A hound comes into view.
The hound barks!
A jelly comes into view.
The hound closely misses you. The hound misses you.
Casting: Beastly Appendage
Confirm with . or Enter, or press ? or * to list all spells.
You grow a pair of large bovine horns.
You are feeling very hungry.
The hound closely misses you.
The hound stops to sniff the ground.
The hound misses you.
Casting: Beastly Appendage
Confirm with . or Enter, or press ? or * to list all spells.
You miscast Sticks to Snakes.
You are very lightly contaminated with residual magic.
Nothing appears to happen.
The hound barely misses you.
You hit the hound. You tail-slap the hound.
The hound is moderately wounded.
The hound closely misses you. The hound completely misses you.
You completely miss the hound.
Your tail-slap misses the hound.
The hound is moderately wounded.
The hound bites you.
You hit the hound. You tail-slap the hound.
The hound is severely wounded.
The hound misses you. The hound bites you but does no damage.
You closely miss the hound.
Your tail-slap misses the hound.
The hound is severely wounded.
The hound barely misses you.
You barely miss the hound.
The hound is severely wounded.
The hound bites you but does no damage.
You barely miss the hound.
The hound is severely wounded.
The hound closely misses you. The hound bites you.
You hit the hound.
The hound is almost dead.
The hound closely misses you.
You hit the hound.
You kill the hound!
Okawaru accepts your kill.
You hit the jelly. The acid corrodes you!
Your hands burn!
You headbutt the jelly, but do no damage.
The jelly is moderately wounded.
The jelly hits you but does no damage.
You hit the jelly.
Your hands burn!
You headbutt the jelly.
The jelly is severely wounded.
The jelly completely misses you.
You hit the jelly but do no damage.
Your hands burn!
Your headbutt misses the jelly.
The jelly is severely wounded.
The jelly hits you.
You are splashed with acid!
The acid burns!
* * * LOW HITPOINT WARNING * * *
You hit the jelly. The acid corrodes you!
Your hands burn!
* * * LOW HITPOINT WARNING * * *
The jelly is almost dead.
The jelly hits you.
* * * LOW HITPOINT WARNING * * *
You are splashed with acid!
The acid burns!
You die...

.(......# .........#
#.........######
#............J.#
#......<.J#
#.........#
#.........#
#.........####
#.........J@.#
#######.........##.#.#
.........###'##.##.#.#
########.# #.##.##.#.#
#.###.##.##.#.#
#..##.##.##.#.#
##.##.#.....#.#
#..#.#>.##.#.#######
##.#.#.............#


You could see a jelly.

Vanquished Creatures
  A hound (D:4)
  Natasha (thrice) (D:3)
  A hound skeleton (D:4)
  3 adders
  2 dart slugs (D:1)
  3 leopard geckos
  5 orcs (D:3)
  11 bats
  5 giant cockroaches
  6 goblins
  8 hobgoblins
  2 kobolds
  2 quokkas
  7 frilled lizards
  6 rats
65 creatures vanquished.

Notes
Turn   | Place    | Note
-------+----------+-------------------------------------------
     0 | D:1      | MenacingMecha the Draconian Transmuter began the quest for the Orb.
     0 | D:1      | Reached XP level 1. HP: 16/16 MP: 3/3
   182 | D:1      | Reached XP level 2. HP: 21/23 MP: 5/5
   639 | D:1      | Reached skill level 4 in Unarmed Combat
  1312 | D:2      | Reached XP level 3. HP: 28/28 MP: 6/6
  1355 | D:2      | Found a shadowy altar of Dithmenos.
  1558 | D:2      | Learned a level 2 spell: Sticks to Snakes
  1562 | D:2      | Learned a level 3 spell: Spider Form
  1913 | D:2      | Reached skill level 1 in Poison Magic
  2254 | D:2      | HP: 7/28 [poisoned by a kobold]
  2600 | D:3      | Found an iron altar of Okawaru.
  2682 | D:3      | Reached XP level 4. HP: 35/35 MP: 7/7
  2839 | D:3      | Noticed Natasha
  2852 | D:3      | Killed Natasha
  3292 | D:3      | Found a glowing golden altar of the Shining One.
  3346 | D:3      | Reached skill level 3 in Transmutations
  3398 | D:3      | Noticed Natasha
  3412 | D:3      | Killed Natasha
  3412 | D:3      | Reached skill level 2 in Poison Magic
  3447 | D:3      | Noticed Natasha
  3453 | D:3      | HP: 7/35 [Natasha (3)]
  3469 | D:3      | Killed Natasha
  3469 | D:3      | Reached XP level 5. HP: 19/40 MP: 8/8
  3682 | D:3      | Found a hazy altar of Hepliaklqana.
  3760 | D:3      | Became a worshipper of Warmaster Okawaru
  4248 | D:4      | HP: 8/40 [acid (6)]
  4249 | D:4      | Splashed by a jelly's acid

Vault maps used:
D:1:      shiori_arrival_maze
D:2:      nicolae_dithmenos_through_a_glass_darkly
D:3:      lemuel_doored_altar, lemuel_coloured_pillars_altar,
          okawaru_ov_weapons_minmay, first_bread, uniq_natasha
D:4:      temple_hall

Skill      XL: |  1  2  3  4 |
---------------+-------------+-----
Unarmed Combat | 4 |  4.7
Poison Magic   | 1 2 |  2.2
Transmutations | 3 |  3.9
Fighting       | |  1.1
Dodging        | |  1.7
Spellcasting   | |  2.0

Action                   |  1- 3 |  4- 6 || total
-------------------------+-------+-------++-------
Melee: Unarmed           |   158 |    97 ||   255
       Tailslap          |     9 |    16 ||    25
       Punch             |     3 |     1 ||     4
       Headbutt          |     4 |     2 ||     6
       Kick              |     1 |     7 ||     8
 Fire: Blowgun           |       |     1 ||     1
Throw: Javelin           |     1 |     4 ||     5
 Cast: Beastly Appendage |     5 |     5 ||    10
       Sticks to Snakes  |       |     2 ||     2
  Use: Scroll            |       |     4 ||     4
       Potion            |       |     3 ||     3
 Stab: Sleeping          |     2 |       ||     2
  Eat: Chunk             |     6 |     3 ||     9
       Fruit             |       |     1 ||     1
Armor: Skin              |    65 |    17 ||    82
Dodge: Dodged            |   114 |    58 ||   172

Vault maps used:
D:1:      shiori_arrival_maze
D:2:      nicolae_dithmenos_through_a_glass_darkly
D:3:      lemuel_doored_altar, lemuel_coloured_pillars_altar,
          okawaru_ov_weapons_minmay, first_bread, uniq_natasha
D:4:      temple_hall

Table legend:
 A = Turns spent in this place as a percentage of turns spent in the entire game.
 B = Non-inter-level travel turns spent in this place as a percentage of non-inter-level travel turns spent in the entire game.
 C = Inter-level travel turns spent in this place as a percentage of turns spent in this place.
 D = Turns resting spent in this place as a percentage of non-inter-level travel turns spent in this place.
 E = Turns spent auto-exploring this place as a percentage of non-inter-level travel turns spent in this place.
 F = Non-inter-level travel turns spent in this place divided by the number of levels of this place that you've seen.
                   A       B       C       D       E      F
               +-------+-------+-------+-------+-------+----------------------
         Total | 100.0 | 100.0 |   0.5 |   5.3 |   8.8 | 247.0
       Dungeon | 100.0 | 100.0 |   0.5 |   5.3 |   8.8 | 247.0
               +-------+-------+-------+-------+-------+----------------------

Table legend:
 A = Kills in this place as a percentage of kills in entire the game.
 B = Kills by you in this place as a percentage of kills by you in the entire game.
 C = Kills by friends in this place as a percentage of kills by friends in the entire game.
 D = Other kills in this place as a percentage of other kills in the entire game.
 E = Experience gained in this place as a percentage of experience gained in the entire game.
 F = Experience gained in this place divided by the number of levels of this place that you have seen.
                   A       B       C       D       E      F
               +-------+-------+-------+-------+-------+----------------------
         Total | 100.0 | 100.0 |  -nan |  -nan | 100.0 |  77.8
       Dungeon | 100.0 | 100.0 |  -nan |  -nan | 100.0 |  77.8
               +-------+-------+-------+-------+-------+----------------------
